 Dungeon Crawl Stone Soup version 0.26.1-2-gb8aa6d0cf2 (webtiles) character file.

Game seed: 14569119890673620754

62 hawla the Conjurer (level 3, -3/19 HPs)
             Began as a Deep Elf Conjurer on Feb 12, 2021.
             Slain by a goblin
             ... wielding a +0 club
             ... led by Robin
              (6 damage)
             ... on level 2 of the Dungeon.
             The game lasted 00:05:53 (999 turns).

hawla the Conjurer (Deep Elf Conjurer)               Turns: 999, Time: 00:05:54

Health: -3/19      AC:  2    Str:  4    XL:     3   Next: 85%
Magic:  0/10       EV: 13    Int: 23    God:
Gold:   20         SH:  0    Dex: 13    Spells: 6/9 levels left

rFire    + . .     SeeInvis .   d - +2 hand axe (holy)
rCold    . . .     Faith    .   (no shield)
rNeg     . . .     Spirit   .   a - +0 robe
rPois    .         Reflect  .   (no helmet)
rElec    .         Harm     .   (no cloak)
rCorr    .         Rampage  .   (no gloves)
Will     .....                  (no boots)
Stlth    ++........             (no amulet)
HPRegen  0.06/turn              f - ring of protection from fire
MPRegen  0.12/turn              (no ring)

@: invisible
A: no striking features
a: no special abilities


You were on level 2 of the Dungeon.
You visited 1 branch of the dungeon, and saw 3 of its levels.

You collected 20 gold pieces.

Inventory:

Hand Weapons
 d - a +2 hand axe of holy wrath (weapon)
Armour
 a - a +0 robe (worn)
Jewellery
 f - a ring of protection from fire (left hand)
Scrolls
 c - 2 scrolls of identify


   Skills:
 - Level 0.1 Fighting
 - Level 0.1 Staves
 - Level 0.1 Throwing
 - Level 0.1 Armour
 - Level 2.4 Dodging
 - Level 2.4 Stealth
 - Level 0.1 Shields
 + Level 3.8 Spellcasting
 * Level 5.2 Conjurations
 + Level 1.5 Earth Magic
 - Level 0.1 Invocations


You had 6 spell levels left.
You knew the following spells:

 Your Spells              Type           Power        Failure   Level
a - Magic Dart            Conj           100%         1%          1
b - Searing Ray           Conj           56%          1%          2

Your spell library contained the following spells:

 Spells                   Type           Power        Failure   Level
 Dazzling Flash           Conj/Hex       32%          11%         3
 Fulminant Prism          Conj/Hex       8%           36%         4
 Iskenderun's Mystic Bla  Conj/Tloc      16%          36%         4


Dungeon Overview and Level Annotations

Branches:
Dungeon (3/15)

Altars:
Ru

Annotations:
D:3 Ijyb


Message History

A goblin comes into view. It is wielding a +0 club.
The goblin hits you with a +0 club.
* * * LOW HITPOINT WARNING * * *
Unknown command.
The goblin hits you with a +0 club.
* * * LOW HITPOINT WARNING * * *
There is an open door here.
Casting: Searing Ray (safe; 1% risk of failure)
Confirm with . or Enter, or press ? or * to list all spells.
Aiming: Searing Ray (safe; 1% risk of failure)
Press: ? - help, Shift-Dir - straight line, f - goblin
Aim: a goblin, wielding a +0 club (strong, 26% to evade)
The searing ray misses the goblin. (Press . to maintain the ray.)
The goblin misses you.
You barely miss the goblin.
Okay, then.
You fade into invisibility!
The goblin hits you with a +0 club.
You die...

#.#...#.#.##.#
.
#....†.......
..
#.#...###.###
.. #.......#.#
.. ##......#.#
#. #..#######
#..## #>##
#...# ..8
#g@## ..
###g## #..g.#
#.g).# #..).#
#....# ##
#..>.#
#..g####....#
+..b†..†....#


You could see a hobgoblin and 3 goblins.

Vanquished Creatures
  Robin (D:2)
  A worm (D:3)
  A dart slug (D:1)
  An orc (D:3)
  A ball python (D:3)
  6 bats
  A giant cockroach (D:1)
  4 goblins (D:2)
  7 hobgoblins
  5 jackals
  A frilled lizard (D:2)
  5 kobolds
  8 rats
42 creatures vanquished.

Notes
Turn   | Place    | Note
-------+----------+-------------------------------------------
     0 | D:1      | hawla the Deep Elf Conjurer began the quest for the Orb.
     0 | D:1      | Reached XP level 1. HP: 10/10 MP: 6/6
   265 | D:1      | Reached XP level 2. HP: 15/15 MP: 6/8
   268 | D:1      | Learned a level 2 spell: Searing Ray
   566 | D:1      | Reached skill level 1 in Earth Magic
   718 | D:2      | Found a sacrificial altar of Ru.
   770 | D:2      | Reached XP level 3. HP: 19/19 MP: 6/9
   889 | D:2      | Reached skill level 5 in Conjurations
   900 | D:2      | Noticed Robin
   985 | D:3      | Noticed Ijyb
   993 | D:2      | Killed Robin
   999 | D:2      | Slain by a goblin

Illustrated notes

Levels and vault maps discovered:
D:1:      lemuel_arrival_cross, layout_basic
D:2:      layout_basic, lemuel_doored_altar, nicolae_overflow_hidden_temple,
          uniq_robin
D:3:      layout_basic, nemelex_xobeh_ov_fountains_minmay, serial_aquarium,
          aquarium_bridge_square [aquarium_subvault_balcony,
          aquarium_subvault_bridge, aquarium_subvault_window,
          aquarium_subvault_window], aquarium_window_corridor_1,
          aquarium_window_1, aquarium_window_fake, aquarium_window_fake,
          aquarium_view_4, aquarium_balcony_3a, grunt_decor_one_mirror,
          trog_book, uniq_grinder, uniq_ijyb

Skill      XL: |  1  2  3 |
---------------+----------+-----
Earth Magic    | 1 |  1.5
Conjurations   | 5 |  5.2
Fighting       | |  0.1
Staves         | |  0.1
Throwing       | |  0.1
Armour         | |  0.1
Dodging        | |  2.4
Stealth        | |  2.4
Shields        | |  0.1
Spellcasting   | |  3.8
Invocations    | |  0.1

Action                   || total
-------------------------++-------
Melee: Hand axe          ||    27
 Cast: Magic Dart        ||    53
       Searing Ray       ||     8
  Use: Scroll            ||     3
       Potion            ||     2
Armor: Robe              ||     8
Dodge: Dodged            ||    43
